Map: Data-C

Players

DisReSpeCT

  • Race: Terran Terran
  • Spawn Location: 3:00

MaNa - Winner!

  • Race: Protoss Protoss
  • Spawn Location: 9:00

Event: DreamHack SC2 Masters 2022 Atlanta (Offline)

VOD

Have the link to the VOD?

Description

Time

  • Played on: Nov. 18, 2022, 11:35 a.m.
  • Length: 8:43

All games in this series

Show
View Real Time Build Order
Export as new Build Order

DisReSpeCT Terran 

Build Orders:  

Get SALT Encoding   

  12  0:00  SCV  
  13  0:12  SCV  
  14  0:17  Supply Depot  
  14  0:24  SCV  
  15  0:39  SCV  
  15  0:40  Barracks  
  16  0:43  Refinery  
  16  0:51  SCV  
  17  1:03  SCV  
  18  1:15  SCV  
  19  1:27  Orbital Command, Marine  
  20  1:42  Command Center  
  20  1:47  Barracks Reactor  
  20  1:53  SCV  
  21  1:59  Supply Depot  
  21  2:07  SCV  
  22  2:09  Bunker, Factory  
  22  2:19  Refinery, SCV  
  23  2:26  Marine x2  
  25  2:42  SCV  
  25  2:43  Marine  
  25  2:44  Marine  
  26  2:45  Engineering Bay  
  26  2:51  Supply Depot  
  27  2:52  Factory Tech Lab  
  27  2:54  SCV  
  28  3:01  Starport, Marine x2  
  30  3:10  Supply Depot  
  30  3:17  Cyclone  
  30  3:19  Marine  
  31  3:34  SCV  
  31  3:38  Viking  
  31  3:39  Marine x2  
  36  3:46  Supply Depot  
  36  3:53  Siege Tank  
  39  3:58  Marine x2  
  39  4:01  SCV  
  42  4:12  Starport Tech Lab  
  42  4:13  SCV  
  39  4:26  SCV  
  39  4:30  Command Center  
  40  4:40  SCV  
  41  4:48  Siege Tank  
  41  4:50  Marine  
  41  4:52  SCV  
  37  5:01  Viking  
  37  5:04  SCV  
  38  5:14  Marine x2  
  38  5:16  SCV  
  41  5:23  Siege Tank  
  44  5:30  SCV  
  44  5:32  Barracks  
  44  5:35  Marine x2  
  45  5:42  SCV  
  48  5:45  Barracks  
  48  5:54  SCV  
  42  6:08  Marine x2  
  42  6:09  Siege Tank  
  42  6:10  SCV  
  46  6:15  Starport Reactor  
  47  6:26  Marine  
  47  6:31  Engineering Bay  
  45  6:34  Marine x2  
  45  6:35  Stimpack  
  44  6:41  SCV  
  44  6:42  Orbital Command  
  44  6:44  Marine  
  46  6:54  SCV  
  46  6:57  Viking, Medivac  
  50  7:01  Widow Mine  
  52  7:14  SCV  
  53  7:17  Orbital Command  
  53  7:19  Marine x3  
  56  7:27  Medivac  
  58  7:32  Marine  
  59  7:37  Marine x2  
  59  7:38  SCV  
  59  7:41  Widow Mine  
  64  7:45  SCV  
  64  7:48  Marine  
  66  7:55  SCV  
  66  7:56  Supply Depot  
  51  8:14  Marauder x2, Marine  
Show
View Real Time Build Order
Export as new Build Order

MaNa Protoss - Winner!

Build Orders:  

Get SALT Encoding   

  12  0:00  Probe  
  13  0:12  Probe  
  14  0:17  Pylon  
  14  0:24  Probe  
  15  0:36  Probe  
  15  0:38  Gateway  
  16  0:46  Pylon  
  17  0:50  Probe  
  17  0:55  Assimilator  
  17  1:06  Gateway  
  17  1:09  Probe  
  18  1:21  Probe  
  19  1:25  Cybernetics Core  
  19  1:33  Probe, Assimilator  
  20  1:45  Probe  
  21  1:57  Probe  
  21  1:59  Adept (Chrono Boost), Stalker (Chrono Boost)  
  22  2:05  Warp Gate  
  26  2:09  Probe  
  26  2:11  Pylon  
  28  2:23  Stalker  
  28  2:29  Stalker  
  31  2:35  Probe  
  32  2:43  Robotics Facility  
  32  2:51  Probe  
  33  3:03  Probe  
  35  3:20  Probe  
  35  3:28  Warp Prism (Chrono Boost)  
  37  3:40  Nexus  
  37  3:41  Pylon  
  37  3:45  Probe  
  38  4:00  Stalker x2  
  38  4:02  Observer  
  43  4:03  Probe  
  44  4:15  Probe  
  45  4:27  Probe  
  45  4:31  Pylon  
  46  4:45  Probe  
  45  4:48  Immortal  
  47  4:57  Probe (Chrono Boost)  
  47  4:58  Stalker x2  
  52  5:01  Probe (Chrono Boost)  
  52  5:06  Twilight Council  
  53  5:09  Probe (Chrono Boost)  
  53  5:11  Probe (Chrono Boost)  
  53  5:13  Probe (Chrono Boost)  
  56  5:22  Adept  
  56  5:23  Adept  
  56  5:24  Probe x2  
  62  5:36  Probe x2  
  64  5:44  Stalker x2  
  64  5:48  Probe x2  
  70  6:02  Probe  
  70  6:03  Probe  
  70  6:07  Charge (Chrono Boost)  
  68  6:12  Nexus  
  68  6:14  Probe  
  68  6:15  Probe  
  70  6:28  Gateway  
  70  6:29  Gateway  
  70  6:45  Observer, Pylon  
  70  6:59  Pylon  
  70  7:00  Pylon  
  70  7:02  Assimilator  
  70  7:03  Immortal, Probe x2, Assimilator  
  77  7:15  Probe x2  
  77  7:21  Zealot x2  
  81  7:27  Probe x3  
  81  7:28  Gateway  
  84  7:30  Gateway  
  84  7:31  Shield Battery  
  84  7:32  Gateway  
  84  7:35  Gateway  
  84  7:39  Probe x3  
  84  7:41  Zealot x4  
  95  7:46  Observer  
  95  7:51  Probe  
  97  7:52  Probe  
  86  8:08  Probe  
  86  8:09  Probe  
  86  8:10  Probe  
  86  8:12  Zealot x4  
  87  8:13  Observer  
  89  8:20  Probe  
  89  8:21  Probe  
  89  8:22  Probe  
  90  8:31  Templar Archives  
  90  8:32  Zealot x6  
  90  8:33  Zealot  
Tags
 
Add a new tag
Caveats
  • Supply blocks, unpowered buildings, or Contaminate may cause inaccurate times.
  • Supply counts are checked every 10 seconds.